 Dungeon Crawl Stone Soup version 0.30-a0-743-gbfdf073431 (webtiles) character file.

Game seed: 13342960043306472309

506 jimonade the Magician (level 6, -11/41 HPs)
             Began as a Mummy Necromancer on Feb 6, 2023.
             Mangled by Menkaure (21 damage)
             ... on level 4 of the Dungeon.
             The game lasted 00:10:17 (4412 turns).

jimonade the Magician (Mummy Necromancer)           Turns: 4412, Time: 00:10:18

Health: -11/41     AC:  2    Str: 11    XL:     6   Next: 97%
Magic:  13/16      EV: 12    Int: 17    God:
Gold:   134        SH:  0    Dex: 12    Spells: 12/20 levels left

rFire   x . .      SeeInvis .    a - +0 quarterstaff
rCold   + . .      Faith    +    (shield currently unavailable)
rNeg    + + +      Spirit   .    q - +0 robe
rPois   ∞          Reflect  .    (no helmet)
rElec   .          Harm     .    (no cloak)
rCorr   .          Rampage  .    (no gloves)
Will    .....                    (no boots)
Stlth   ++                       d - amulet of regeneration
HPRegen 1.06/turn                (no ring)
MPRegen 0.15/turn                (no ring)

@: no status effects
A: cold resistance 1, negative energy resistance 3, torment resistance 2, heat
vulnerability 1, in touch with death 1, no potions, faith
a: no special abilities


You were on level 4 of the Dungeon.
You visited 1 branch of the dungeon, and saw 4 of its levels.

You collected 134 gold pieces.

Inventory:

Hand Weapons
 a - a +0 quarterstaff (weapon)
 b - a +0 trident
 e - a +0 dagger
 k - a +0 short sword
 r - a +0 scythe
 t - a +0 rapier
Missiles
 i - 8 poisoned darts
Armour
 f - a +0 ring mail
 l - a +0 leather armour
 m - a +0 chain mail
 q - a +0 robe (worn)
Jewellery
 d - an amulet of regeneration (around neck)
 s - an amulet of the acrobat
Scrolls
 c - 2 scrolls of blinking {unknown}
 g - 5 scrolls of identify {unknown}
 j - a scroll of fear {unknown}
 n - a scroll of poison {unknown}
 o - a scroll of immolation {unknown}
 p - a scroll of teleportation {unknown}
Potions
 h - 2 potions of mutation {unknown}


   Skills:
 + Level 1.6 Dodging
 - Level 1.5 Stealth
 * Level 7.8 Spellcasting
 + Level 5.6 Necromancy


You had 12 spell levels left.
You knew the following spells:

 Your Spells              Type           Power      Damage    Failure   Level
a - Necrotise             Necr           100%       1d9       1%          1
b - Vampiric Draining     Necr           38%        2d8       3%          3
c - Animate Dead          Necr           38%        N/A       11%         4

Your spell library contained the following spells:

 Spells                   Type           Power      Damage    Failure   Level
 Agony                    Necr           38%        N/A       28%         5
 Frozen Ramparts          Ice            12%        1d2       32%         3
 Airstrike                Air            3%         2d(1-17)  71%         4
 Summon Ice Beast         Ice/Summ       6%         N/A       71%         4
 Summon Lightning Spire   Summ/Air       6%         N/A       71%         4
 Lightning Bolt           Conj/Air       3%         1d14      96%         5
 Ice Form                 Ice/Tmut       Unusable   N/A       N/A         4

Dungeon Overview and Level Annotations

Branches:
Dungeon (4/15)
 Temple: D:4-7

Altars:
Ru
Sif Muna

Annotations:
D:3 exclusion: downstairs
D:4 Menkaure


Innate Abilities, Weirdness & Mutations

You are immune to poison.
Your flesh is cold resistant. (rC+)
You are immune to negative energy. (rN+++)
You are immune to unholy pain and torment.
You are vulnerable to heat. (rF-)
You are in touch with the powers of death.
You do not drink.
You have a special connection with the divine. (Faith)


Message History

The giant cockroach bites your adder zombie.
Your adder zombie bites the giant cockroach.
The giant cockroach completely misses your adder zombie.
Your adder zombie bites the giant cockroach.
The giant cockroach dies!
The dead are walking!
Your adder zombie completely misses Menkaure.
Menkaure barely misses your adder zombie.
Your adder zombie bites Menkaure but does no damage.
Your reaping aura expires.
Menkaure hits your adder zombie!!
Your adder zombie is destroyed!
Your giant cockroach zombie bites Menkaure but does no damage.
Casting: Necrotise (safe; 1% risk of failure)
Confirm with . or Enter, or press ? or * to list all spells.
You can't see any susceptible monsters within range! (Use Z to cast anyway.) Unknown command.
Unknown command.
Menkaure gestures ominously.
Menkaure hits you!!
You completely miss Menkaure. Menkaure barely misses you.
Your giant cockroach zombie bites Menkaure but does no damage.
You hit Menkaure but do no damage. Menkaure hits you.
Your giant cockroach zombie bites Menkaure but does no damage.
Menkaure closely misses you.
You barely miss Menkaure.
Your giant cockroach zombie barely misses Menkaure.
Menkaure hits you but does no damage.
You hit Menkaure.
Menkaure is lightly damaged.
Menkaure hits you!
* * * LOW HITPOINT WARNING * * *
Your giant cockroach zombie closely misses Menkaure.
Your giant cockroach zombie bites Menkaure but does no damage.
Menkaure closely misses you.
You hit Menkaure.
Menkaure is lightly damaged.
Menkaure hits you!!
Ouch! That really hurt!
You die... .PP

... #.$ .. #.. ###
.# .
#.#########.###.###
.
#.....)...........#
##..@.............
###M#.#..........
#Z#.#..).#.### #
#.#.###....## ###.
..).# #.....###...
....###.#....##<..
...................
...................
..)......:.##.......


You could see Menkaure (fast, ally target) and a friendly giant cockroach
zombie.

Vanquished Creatures
  Sigmund (D:3)
  Eustachio (D:4)
  A jelly (D:3)
  Terence (D:2)
  5 adders
  2 worms
  2 dart slugs
  10 orcs
  3 bats (D:1)
  8 endoplasms
  2 giant cockroaches (D:1)
  13 goblins
  5 hobgoblins
  3 jackals (D:2)
  4 quokkas
  6 ball pythons
  5 frilled lizards
  6 kobolds
  3 rats (D:1)
81 creatures vanquished.

Vanquished Creatures (collateral kills)
  2 endoplasms (D:1)
  2 giant cockroaches
  A jackal (D:2)
5 creatures vanquished.

Vanquished Creatures (others)
  An adder zombie (D:4)
  A kobold zombie (D:4)
  19 plants
21 creatures vanquished.

Grand Total: 107 creatures vanquished

Notes
Turn   | Place    | Note
-------+----------+-------------------------------------------
     0 | D:1      | jimonade the Mummy Necromancer began the quest for the Orb.
     0 | D:1      | Reached XP level 1. HP: 13/13 MP: 4/4
   173 | D:1      | Reached skill level 3 in Spellcasting
   176 | D:1      | Reached XP level 2. HP: 18/19 MP: 0/6
   724 | D:1      | Gained mutation: You are in touch with the powers of death.
                  | [Mummy growth]
   724 | D:1      | Reached XP level 3. HP: 24/24 MP: 6/8
  1291 | D:2      | Noticed Terence
  1390 | D:2      | Killed Terence
  1391 | D:2      | Reached skill level 4 in Spellcasting
  1395 | D:2      | Reached XP level 4. HP: 30/30 MP: 1/10
  2006 | D:2      | Identified the +1 whip "Yropn" {antimagic, rElec rCorr
                  | Str+3 Int+3}
  2375 | D:2      | Reached skill level 5 in Spellcasting
  2447 | D:2      | Found a faded altar of an unknown god.
  2657 | D:2      | Learned a level 3 spell: Vampiric Draining
  2832 | D:3      | Reached XP level 5. HP: 25/35 MP: 0/13
  3138 | D:3      | Reached skill level 5 in Necromancy
  3528 | D:3      | Found a shimmering blue altar of Sif Muna.
  3570 | D:3      | Found a sacrificial altar of Ru.
  3570 | D:3      | Noticed Sigmund
  3588 | D:3      | Killed Sigmund
  3589 | D:3      | Reached skill level 7 in Spellcasting
  3589 | D:3      | Reached XP level 6. HP: 41/41 MP: 0/16
  4184 | D:4      | Noticed Eustachio
  4204 | D:4      | Killed Eustachio
  4366 | D:3      | Learned a level 4 spell: Animate Dead
  4394 | D:4      | Noticed Menkaure
  4412 | D:4      | Mangled by Menkaure

Illustrated notes

Levels and vault maps discovered:
D:1:      minmay_arrival_semitransparent, layout_loops_ring
D:2:      layout_basic, basic_ecumenical_altar, chequers_avenue, uniq_terence
D:3:      layout_basic, nicolae_sif_muna_little_library,
          nicolae_ru_awakened_eye, serial_bayou, serial_bayou_ford_a,
          serial_bayou_shore_a, serial_bayou_pond_c, serial_bayou_pond_e,
          minmay_door_square, uniq_sigmund
D:4:      layout_rooms, kennysheep_little_box, minmay_temple_entry_overgrown,
          kennysheep_small_square, uniq_menkaure, uniq_edmund, uniq_eustachio,
          uniq_crazy_yiuf_cottage

Skill      XL: |  1  2  3  4  5 |
---------------+----------------+-----
Spellcasting   | 3 4 5 7 |  7.8
Necromancy     | 5 |  5.6
Dodging        | |  1.6
Stealth        | |  1.5

Action                     |  1- 3 |  4- 6 || total
---------------------------+-------+-------++-------
  Melee: Rapier            |       |    10 ||    10
         Punch             |       |     1 ||     1
         Quarterstaff      |       |     5 ||     5
   Cast: Necrotise         |    69 |    76 ||   145
         Vampiric Draining |       |    14 ||    14
         Animate Dead      |       |     1 ||     1
 Armour: Robe              |     2 |     2 ||     4
  Dodge: Dodged            |    14 |    20 ||    34

Table legend: (Time is in decaauts)
 A = Elapsed time spent in this place.
 B = Non-inter-level travel time spent in this place.
 C = Inter-level travel time spent in this place.
 D = Time resting spent in this place.
 E = Time spent auto-exploring this place.
 F = Levels seen in this place.
 G = Mean time per level.
                   A        B        C        D        E       F      G
               +--------+--------+--------+--------+--------+-----+--------+
         Total |   4439 |   4013 |    426 |    432 |   2884 |   4 | 1109.8 |
       Dungeon |   4439 |   4013 |    426 |    432 |   2884 |   4 | 1109.8 |
               +--------+--------+--------+--------+--------+-----+--------+

Top non-repeatable levels by time:
     D:1: 1889 daAuts
     D:3: 1589 daAuts
     D:2: 761 daAuts
     D:4: 199 daAuts
